Map: Dusk Towers

Players

Fire

  • Race: Terran Terran
  • League: Platinum

Fiend - Winner!

  • Race: Terran Terran
  • League: Platinum

VOD

Have the link to the VOD?

Description

Time

  • Played on: March 27, 2016, 6:03 p.m.
  • Length: 23:47
Show
View Real Time Build Order
Export as new Build Order

Fire Terran 

Build Orders: Mech 

Get SALT Encoding   

  12  0:03  SCV  
  13  0:17  SCV  
  13  0:19  Supply Depot  
  14  0:29  SCV  
  15  0:41  Barracks, SCV  
  16  0:50  Refinery  
  16  0:53  SCV  
  17  0:57  Refinery  
  17  1:05  SCV  
  18  1:17  SCV  
  19  1:29  Reaper, Supply Depot  
  19  1:32  Orbital Command  
  20  2:01  Reaper  
  21  2:10  Command Center  
  21  2:11  SCV  
  22  2:23  SCV  
  23  2:37  Reaper, SCV  
  25  2:44  Factory  
  25  2:49  SCV  
  26  3:02  SCV  
  27  3:14  SCV  
  27  3:15  Reaper  
  29  3:21  Orbital Command  
  29  3:26  SCV, Supply Depot  
  30  3:27  Factory Tech Lab  
  30  3:29  Starport  
  30  3:38  SCV  
  31  3:50  SCV  
  31  3:52  Siege Tank  
  31  3:55  SCV  
  36  3:58  Engineering Bay  
  36  4:02  SCV  
  37  4:07  SCV  
  37  4:08  Starport Reactor  
  38  4:14  SCV  
  38  4:15  Supply Depot  
  39  4:19  SCV  
  40  4:24  Siege Tank  
  40  4:26  SCV  
  44  4:33  Missile Turret, SCV  
  45  4:38  SCV  
  45  4:43  Missile Turret  
  47  4:45  SCV  
  47  4:48  Missile Turret  
  47  4:50  SCV  
  48  4:53  Missile Turret  
  48  4:55  Viking x2  
  48  4:56  Missile Turret  
  48  4:57  Siege Tank  
  55  5:05  SCV x2  
  57  5:19  SCV x2  
  59  5:23  Refinery x2  
  59  5:24  Missile Turret x2  
  59  5:31  SCV, Command Center  
  59  5:46  Missile Turret  
  55  5:58  SCV  
  55  5:59  SCV  
  57  6:29  SCV x2  
  57  6:31  Viking  
  61  6:38  Supply Depot  
  61  6:39  Supply Depot  
  61  6:40  Supply Depot  
  61  6:56  Missile Turret  
  61  6:57  SCV  
  61  6:59  Viking, Siege Tank  
  61  7:00  SCV  
  68  7:10  Factory  
  68  7:13  Factory  
  68  7:23  SCV  
  68  7:24  SCV  
  68  7:25  Hi-Sec Auto Tracking  
  70  7:35  SCV, Orbital Command  
  70  7:36  Viking, SCV  
  70  7:37  Viking  
  76  7:38  Siege Tank  
  76  7:42  Missile Turret  
  79  7:55  Factory Reactor  
  79  7:56  Factory Tech Lab  
  79  8:00  Armory  
  79  8:03  Armory  
  79  8:08  Missile Turret  
  79  8:09  Missile Turret  
  79  8:11  Viking x2  
  83  8:15  Orbital Command  
  83  8:21  Refinery  
  83  8:22  Infernal Pre-Igniter  
  83  8:23  Siege Tank x2, Refinery  
  89  8:33  Hellion x2  
  93  8:37  SCV  
  93  8:38  SCV  
  95  8:49  SCV  
  95  8:50  SCV  
  95  8:54  Hellion x2  
  101  9:02  Siege Tank, SCV x2  
  109  9:11  Terran Vehicle And Ship Armor Level 1, Terran Vehicle Weapons Level 1  
  109  9:15  Supply Depot  
  109  9:20  Supply Depot  
  109  9:21  SCV x2  
  108  9:27  SCV  
  108  9:31  Supply Depot  
  109  9:32  Supply Depot  
  109  9:37  SCV, Siege Tank, Supply Depot, Hellbat x2  
  117  9:41  Viking x2, SCV x2  
  117  9:42  Missile Turret  
  117  9:43  Missile Turret  
  123  9:49  SCV  
  124  9:53  SCV x2  
  126  10:00  Missile Turret  
  126  10:01  SCV  
  126  10:03  Missile Turret  
  126  10:04  Hellbat x2  
  126  10:05  SCV x2  
  133  10:11  Siege Tank x2  
  139  10:15  Command Center  
  139  10:16  Command Center  
  139  10:22  SCV x3  
  142  10:34  SCV  
  143  10:41  Supply Depot  
  143  10:43  Supply Depot  
  143  10:45  Siege Tank x2  
  149  10:51  Hellbat x2  
  153  11:05  Supply Depot  
  153  11:20  Missile Turret, Thor x2  
  153  11:21  Hellbat x2  
  169  11:29  Viking x2  
  169  11:30  Factory x2  
  173  11:38  Missile Turret  
  173  11:46  Terran Vehicle And Ship Armor Level 2  
  173  11:47  Terran Vehicle Weapons Level 2  
  173  11:52  Missile Turret  
  173  11:59  Viking x2, Refinery  
  177  12:25  Refinery  
  177  12:28  Missile Turret  
  177  12:31  Sensor Tower  
  177  12:40  Factory Tech Lab x2  
  177  12:41  Sensor Tower  
  177  12:59  Sensor Tower  
  177  13:01  Ghost Academy, Barracks Tech Lab  
  177  13:07  Sensor Tower  
  177  13:37  Personal Cloaking  
  177  13:42  Planetary Fortress  
  177  13:44  Planetary Fortress  
  177  13:53  Thor  
  177  13:54  Command Center, Thor  
  177  13:55  Hellbat x2, Command Center  
  193  13:56  Siege Tank x2  
  193  14:00  Missile Turret  
  199  14:10  Terran Vehicle And Ship Armor Level 3  
  199  14:11  Terran Vehicle Weapons Level 3  
  199  14:27  Command Center  
  183  14:53  Viking  
  183  14:54  Viking  
  187  15:03  Nuke  
  185  15:23  Viking  
  185  15:24  Viking  
  185  15:27  Siege Tank x2  
  195  15:50  Refinery  
  195  15:53  Viking x2  
  195  15:57  Refinery  
  199  16:02  Missile Turret, Mag-Field Accelerator  
  199  16:15  Missile Turret  
  199  16:23  Missile Turret  
  199  16:24  Missile Turret  
  199  16:30  Planetary Fortress x2  
  191  16:34  Viking x2  
  191  16:35  Cyclone  
  191  16:36  Cyclone x2  
  191  16:38  Missile Turret  
  192  16:45  Missile Turret x2  
  186  16:47  Terran Ship Weapons Level 1  
  174  16:58  Cyclone  
  175  17:04  Viking x2  
  175  17:08  Cyclone x3  
  178  17:14  Starport  
  162  17:17  Starport  
  162  17:18  Starport  
  115  17:30  Cyclone  
  115  17:34  Viking x2  
  115  17:35  Missile Turret  
  122  17:40  Cyclone x3  
  131  17:57  Missile Turret  
  131  17:58  Starport Reactor x3  
  131  18:02  Cyclone  
  134  18:12  Viking x2, Cyclone  
  141  18:16  Cyclone x2  
  141  18:18  Missile Turret  
  147  18:34  Cyclone  
  150  18:44  Cyclone  
  150  18:48  Cyclone  
  156  18:55  Missile Turret  
  156  18:57  Missile Turret  
  156  18:59  Missile Turret  
  156  19:00  Missile Turret  
  156  19:01  Viking x4  
  164  19:16  Missile Turret  
  164  19:18  Missile Turret  
  164  19:19  Missile Turret  
  164  19:20  Missile Turret  
  164  19:23  Cyclone  
  164  19:24  Cyclone  
  170  19:27  Hellbat x2  
  174  19:38  Missile Turret  
  174  19:40  Terran Ship Weapons Level 2  
  174  19:43  Refinery  
  174  19:48  Hellbat  
  174  19:49  Hellbat  
  174  19:50  Refinery  
  174  19:51  Viking  
  174  19:52  Viking x3  
  186  20:05  Missile Turret  
  186  20:08  Missile Turret  
  186  20:10  Cyclone x2, Hellbat x2  
  196  20:16  Missile Turret  
  196  20:27  Missile Turret  
  196  20:30  Missile Turret  
  196  20:31  Hellbat  
  196  20:32  Hellbat  
  181  20:37  Missile Turret  
  173  20:43  Cyclone x3  
  173  20:44  Viking x2  
  159  21:01  Hellbat  
  159  21:02  Hellbat  
  142  21:06  Cyclone  
  142  21:15  Cyclone  
  139  21:19  Cyclone  
  139  21:23  Hellbat x2  
  128  21:33  Cyclone  
  128  21:38  Cyclone  
  134  21:44  Hellbat  
  134  21:45  Hellbat  
  138  21:49  Barracks, Planetary Fortress  
  138  21:55  Barracks  
  138  21:57  Barracks  
  138  22:00  Barracks  
  138  22:05  Hellbat  
  138  22:06  Hellbat  
  145  22:36  Siege Tank x2  
  145  22:37  Siege Tank, Thor  
  108  22:38  Hellbat  
  108  22:39  Hellbat  
  108  22:40  Viking x4  
  108  22:41  Viking  
  123  23:00  Hellbat x2  
  123  23:02  Marine  
  123  23:03  Marine x3  
  131  23:08  Siege Tank  
  131  23:09  Siege Tank  
  137  23:20  Marine  
  137  23:21  Hellbat, Marine x3  
  137  23:22  Hellbat  
Show
View Real Time Build Order
Export as new Build Order

Fiend Terran - Winner!

Build Orders: MMM Bio 

Get SALT Encoding   

  12  0:00  SCV  
  13  0:12  SCV  
  14  0:18  Supply Depot  
  14  0:24  SCV  
  15  0:29  Refinery  
  15  0:39  SCV  
  16  0:45  Barracks  
  16  0:52  SCV  
  17  1:04  SCV  
  18  1:17  SCV  
  19  1:29  SCV  
  19  1:32  Reaper  
  21  1:43  Orbital Command  
  21  1:52  Command Center  
  21  2:06  Factory  
  21  2:10  Supply Depot  
  21  2:14  Marine  
  22  2:19  SCV  
  22  2:32  Marine  
  22  2:36  SCV  
  24  2:46  Supply Depot  
  24  2:47  Refinery  
  24  2:48  SCV  
  24  2:51  Hellion  
  27  3:00  Barracks Reactor  
  27  3:04  SCV  
  27  3:05  Starport  
  28  3:11  Orbital Command  
  28  3:22  Factory Tech Lab  
  28  3:23  SCV  
  29  3:35  SCV  
  29  3:37  Marine x2  
  29  3:39  Barracks  
  29  3:40  Siege Tank  
  35  3:48  SCV  
  36  3:51  SCV  
  36  3:55  Marine x2  
  39  3:57  Medivac  
  39  4:00  SCV  
  42  4:03  Supply Depot  
  42  4:04  SCV  
  43  4:12  SCV  
  43  4:16  SCV  
  45  4:19  Marine x2  
  45  4:20  Siege Tank  
  50  4:30  Viking, Barracks  
  52  4:33  Barracks Tech Lab  
  52  4:35  SCV  
  52  4:38  Marine x2  
  54  4:55  Marine  
  54  4:56  Marine  
  56  5:00  Stimpack  
  56  5:06  Supply Depot  
  56  5:09  Engineering Bay  
  56  5:10  Engineering Bay  
  56  5:13  SCV x2  
  58  5:15  Command Center  
  58  5:19  Barracks Reactor  
  58  5:21  Supply Depot  
  56  5:52  Marine x3  
  56  5:56  Starport Reactor  
  53  6:02  Marine  
  53  6:03  Marine  
  53  6:05  Terran Infantry Weapons Level 1  
  53  6:06  Terran Infantry Armor Level 1  
  53  6:08  Missile Turret  
  53  6:10  Marine  
  54  6:12  Missile Turret  
  54  6:14  Missile Turret  
  54  6:15  SCV x2  
  54  6:18  Sensor Tower  
  56  6:20  Missile Turret  
  56  6:24  Refinery  
  56  6:25  Refinery  
  56  6:30  Marine x2  
  56  6:31  Sensor Tower  
  56  6:32  SCV  
  59  6:45  SCV x2  
  61  6:47  Viking  
  63  6:54  Marine x3  
  63  6:55  Marine x2  
  63  6:57  Siege Tank, SCV  
  72  7:05  SCV  
  72  7:07  Orbital Command  
  73  7:09  Missile Turret  
  73  7:15  SCV, Marine x2  
  74  7:16  Marine x3  
  74  7:18  SCV  
  74  7:22  Medivac  
  82  7:23  Viking  
  84  7:33  Factory, Marine  
  85  7:37  SCV x2  
  85  7:38  SCV  
  85  7:43  Marine  
  85  7:44  Marine x2  
  90  7:48  Combat Shields  
  90  7:49  SCV  
  90  7:50  SCV  
  93  7:52  Armory  
  93  8:06  Supply Depot  
  93  8:07  Supply Depot  
  93  8:18  Factory Tech Lab  
  93  8:19  Starport  
  93  8:20  Barracks  
  93  8:27  SCV x2, Marine x4, Widow Mine  
  93  8:28  Marine  
  93  8:29  SCV  
  103  8:36  Viking  
  103  8:37  Viking  
  103  8:40  SCV x2  
  109  8:47  Supply Depot  
  109  8:49  Supply Depot  
  109  8:51  Supply Depot  
  109  8:54  Terran Infantry Weapons Level 2, Supply Depot  
  109  8:55  Terran Infantry Armor Level 2  
  109  8:59  SCV, Marine  
  109  9:08  Siege Tank, Marine x4  
  109  9:09  Barracks Reactor  
  116  9:16  Marine  
  116  9:19  SCV x3  
  120  9:26  Marine x4  
  120  9:28  Siege Tank  
  127  9:33  SCV x3  
  127  9:37  Refinery  
  130  9:39  Missile Turret, Command Center  
  130  9:44  Missile Turret  
  130  9:45  SCV x2  
  132  9:47  Marine x2  
  132  9:48  Sensor Tower  
  134  9:59  Viking x2  
  138  10:03  Starport Reactor  
  138  10:04  SCV x3  
  141  10:11  Terran Vehicle Weapons Level 1  
  141  10:16  Armory  
  141  10:34  Missile Turret  
  141  10:36  Missile Turret, Sensor Tower  
  141  10:46  Supply Depot x2  
  141  10:50  SCV x3, Siege Tank x2, Supply Depot, Marine x6  
  141  10:52  Supply Depot  
  141  10:55  Planetary Fortress  
  156  11:01  Refinery  
  156  11:06  Refinery x2  
  156  11:07  Marine  
  156  11:08  Starport, Marine x4  
  156  11:10  Viking  
  163  11:12  SCV x3, Marine x2  
  168  11:22  Siege Tank  
  168  11:25  Siege Tank, Marine  
  174  11:26  Marine  
  176  11:44  Starport  
  176  11:46  Starport  
  176  12:07  Starport Tech Lab  
  176  12:20  Starport Tech Lab  
  176  12:24  Supply Depot  
  176  12:25  Starport Tech Lab  
  176  12:26  Supply Depot x2  
  176  12:27  Starport Tech Lab  
  176  12:33  Starport Tech Lab  
  176  12:36  Terran Ship Weapons Level 1, Terran Vehicle And Ship Armor Level 1  
  176  12:48  Fusion Core  
  176  13:36  Battlecruiser x3  
  176  13:37  Battlecruiser  
  200  13:50  Command Center  
  200  13:51  Missile Turret x2  
  199  13:59  Behemoth Reactor  
  198  14:09  Viking  
  200  14:17  Corvid Reactor  
  200  14:22  Explosive Shrapnel Shells  
  190  14:39  Viking, Raven  
  193  14:55  Viking x3  
  193  14:56  Weapon Refit  
  199  15:02  Terran Vehicle And Ship Armor Level 2, Terran Ship Weapons Level 2  
  188  15:34  Command Center  
  188  15:36  Command Center  
  188  15:41  Viking  
  188  15:42  Viking x2  
  194  15:44  Viking  
  194  15:48  Medivac  
  198  16:11  Viking  
  186  16:46  Viking x4, Marine x2  
  186  16:47  Marine x4  
  155  16:59  Viking  
  157  17:16  Viking  
  151  17:25  Viking  
  151  17:26  Viking x2  
  151  17:27  Marine x2  
  151  17:28  Marine x5  
  151  17:29  Viking  
  166  17:45  Viking, Marine x2  
  170  18:14  Refinery  
  170  18:16  Marine x2  
  170  18:17  Refinery, Marine x3  
  170  18:18  Viking x3  
  170  18:19  Viking  
  183  18:23  Sensor Tower  
  183  18:24  Missile Turret  
  183  18:25  Missile Turret  
  183  18:28  Missile Turret  
  183  18:32  Viking, Missile Turret  
  185  18:37  Terran Vehicle And Ship Armor Level 3  
  185  18:38  Terran Ship Weapons Level 3  
  185  18:48  Viking x2, Refinery, Planetary Fortress  
  185  18:49  Refinery, Planetary Fortress  
  189  18:57  Marine x3  
  189  18:58  Marine x3  
  195  19:06  Raven  
  195  19:07  Raven  
  199  19:45  Marine  
  199  19:47  Barracks  
  199  19:48  Barracks  
  199  19:52  Barracks  
  200  20:30  Command Center  
  200  20:31  Command Center  
  189  20:41  Marine x4  
  189  20:42  Viking x3  
  193  20:45  Siege Tank x2  
  149  21:23  Viking x2, Marine x4  
  149  21:24  Marine x3  
  116  21:35  Barracks Tech Lab x2  
  116  21:36  Barracks Tech Lab  
  116  21:39  SCV x2  
  118  21:40  Barracks x2  
  118  21:41  Marine x4  
  122  21:51  Marine x3  
  125  21:54  Battlecruiser x4  
  125  21:55  Battlecruiser  
  125  21:59  Marine  
  156  22:04  Marauder  
  156  22:05  Marauder, Marine x4  
  164  22:09  Marine  
  163  22:24  Marine x2  
  163  22:25  Marine x4  
  169  22:35  Marine  
  160  22:54  Marine  
  160  22:55  Barracks Tech Lab, Marine x4  
  160  22:56  Barracks Tech Lab  
  160  22:57  Marauder x3  
  164  22:58  Viking x4  
  164  23:00  Marine x2  
  167  23:07  Viking  
  166  23:17  Marine x4  
Tags
 
Add a new tag
Caveats
  • Supply blocks, unpowered buildings, or Contaminate may cause inaccurate times.
  • Supply counts are checked every 10 seconds.